 Dungeon Crawl Stone Soup version 0.31-a0-145-g046c7d2549 (webtiles) character file.

Game seed: 13632017133878307389

4 qw the Shooter (level 1, -1/18 HPs)
             Began as a Minotaur Hunter on June 7, 2023.
             Succumbed to their own poison gas
             ... on level 1 of the Dungeon.
             The game lasted 00:00:03 (165 turns).

qw the Shooter (Minotaur Hunter)                     Turns: 165, Time: 00:00:04

Health: -1/18      AC:  3    Str: 15    XL:     1   Next: 50%
Magic:  0/0        EV: 12    Int:  6    God:
Gold:   12         SH:  0    Dex: 13    Spells: 0/0 levels left

rFire   . . .        Y - +0 shortbow
rCold   . . .        (shield currently unavailable)
rNeg    . . .        c - +0 leather armour
rPois   .            (helmet restricted)
rElec   .            (no cloak)
rCorr   .            (no gloves)
SInv    .            (no boots)
Will    .....        (no amulet)
Stlth   +            (no ring)
HPRegen 0.23/turn    (no ring)
MPRegen 0.07/turn

%: no passive effects
@: lethally poisoned (-1 -> -29)
A: horns 2, retaliatory headbutt
a: no special abilities


You were on level 1 of the Dungeon.
You visited 1 branch of the dungeon, and saw 1 of its levels.

You collected 12 gold pieces.


Innate Abilities, Weirdness & Mutations

You have a pair of horns on your head.
You reflexively headbutt those who attack you in melee.


   Skills:
 - Level 2.4 Fighting
 + Level 4.6 Ranged Weapons
 - Level 2.1 Dodging
 - Level 0.7 Stealth


You couldn't memorise any spells.
You didn't know any spells.
Your spell library was empty.

Inventory:

Hand Weapons
 Y - a +0 shortbow (weapon)
Armour
 c - a +0 leather armour (worn)
Potions
 d - a potion of might {unknown}

Dungeon Overview and Level Annotations

Branches:
Dungeon (1/15)

Altars:

Annotations:
D:1 exclusion: goblin


Message History

You shoot an arrow. The arrow closely misses the goblin.
The goblin throws a stone.
The stone misses you.
You shoot an arrow. The arrow hits the goblin!
You kill the goblin!
The goblin throws a stone.
The stone closely misses you.
You shoot an arrow. The arrow closely misses the goblin.
The goblin throws a stone.
The stone closely misses you.
The goblin throws a stone.
The stone closely misses you.
You open the door.
The kobold shouts!
There is an open door here.
There is an open door here.
You open the door.
There is an open door here.
As you open the door, it creaks loudly! The kobold barely misses you.
You furiously retaliate!
You headbutt the kobold, but do no damage.
There is an open door here.
You shoot an arrow. The arrow hits the kobold.
You kill the kobold!
You see here a +0 mace.
You now have 12 gold pieces.
You see here a +0 mace.
There is an open door here.
There is an open door here.
162 ||| READING scroll labelled TUCHUNWE DIANG.
The air fills with toxic fumes!
As you read the scroll labelled TUCHUNWE DIANG, it crumbles to dust.
It was a scroll of poison.
163 ||| DROPPING scroll of butterflies.
You drop a scroll of butterflies.
Really walk into that cloud of poison gas?
You are engulfed in poison gas.
You are poisoned.
Ouch! That really hurt!
You feel very sick.
Enter note:
Enter note: You are engulfed in poison gas.
You are more poisoned.
You die...

####...........####
###...#####+#####...###
##..#####~~~~~~~#####..##
##.### #~~~...¤¤~~~# ###.##
#.## #.....¤¤....# ##.# ##.#
######¤###### #.# #.## ##
####8¤8#### #####.# #.#
..###¤¤¤¤¤¤¤¤.###...##.
#.#¤¤..##¤¤@¤¤¤¤¤¤..##....#.
#.#~...#+¤¤¤¤¤¤¤¤¤...#....#.
#.'~¤g¤¤8¤¤?¤¤¤¤¤¤........'.
#.#¤¤¤¤##¤¤¤¤¤¤¤¤¤...#....#.
#.#~~..##¤¤¤¤¤¤¤¤¤..##....#.
#.##~..###¤¤¤¤¤¤¤¤.###...##.
##.##### ###8#8¤8### #####.#
#.# ######¤###### #.# #.##
#.¤....¤¤...# ##.#


There were no monsters in sight!

Vanquished Creatures
  2 hobgoblins (D:1)
  A goblin (D:1)
  A kobold (D:1)
4 creatures vanquished.

Notes
Turn   | Place    | Note
-------+----------+-------------------------------------------
     0 | D:1      | qw the Minotaur Hunter began the quest for the Orb.
     0 | D:1      | Reached XP level 1. HP: 18/18 MP: 0/0
     0 | D:1      | 0 ||| qw: Version: 0.2-a-117-gc6b5c8b
     0 | D:1      | 0 ||| qw: Game counter: 2499
     0 | D:1      | 0 ||| qw: Always use a shield: true
     0 | D:1      | 0 ||| qw: God list: Okawaru
     0 | D:1      | 0 ||| qw: Allow faded altars: false
     0 | D:1      | 0 ||| qw: Do Orc after D:15 true
     0 | D:1      | 0 ||| qw: Do second Lair branch before Depths: true
     0 | D:1      | 0 ||| qw: Lair rune preference: random
     0 | D:1      | 0 ||| qw: Plans: Normal
     0 | D:1      | 0 ||| PLANNING D:1-11
    82 | D:1      | 82 ||| Stepping ~*~*~tactically~*~*~ (outnumbered).
    84 | D:1      | 84 ||| Stepping ~*~*~tactically~*~*~ (outnumbered).
    86 | D:1      | 86 ||| Stepping ~*~*~tactically~*~*~ (outnumbered).
   162 | D:1      | 162 ||| READING scroll labelled TUCHUNWE DIANG.
   163 | D:1      | 163 ||| DROPPING scroll of butterflies.
   165 | D:1      | Succumbed to their own poison gas

Levels and vault maps discovered:
D:1:      dpeg_arrival_morbid_curiosity, layout_basic, st_stairs_14

Action                     || total
---------------------------++-------
   Fire: Shortbow          ||    12
    Use: Scroll            ||     1
 Armour: Leather armour    ||     2
  Dodge: Dodged            ||     8

Table legend:
 A = Non-vault XP
 B = Vault XP
 C = Vault XP percentage of total XP
 D = Non-vault monster count
 E = Vault monster count
 F = Vault count percentage of total count
                 A         B        C        D         E       F
            +---------+---------+-------+---------+---------+-------
      Total |       0 |       6 | 100.0 |       0 |       4 | 100.0
            +---------+---------+-------+---------+---------+-------
        D:1 |       0 |       6 | 100.0 |       0 |       4 | 100.0
            +---------+---------+-------+---------+---------+-------
